 Dungeon Crawl Stone Soup version 0.17-a0-1880-gacf7e67 (webtiles) character file.

308 shakdrar the Chopper (level 6, -2/51 HPs)
             Began as a Minotaur Fighter on Sept 21, 2015.
             Slain by an ogre
             ... wielding a +0 giant club
              (29 damage)
             ... on level 4 of the Dungeon.
             The game lasted 00:10:03 (2172 turns).

shakdrar the Chopper (Minotaur Fighter)             Turns: 2172, Time: 00:10:04

Health: -2/51      AC: 10    Str: 21    XL:     6   Next: 16%
Magic:  5/5        EV:  5    Int:  7    God:
Gold:   192        SH:  9    Dex:  9    Spells: 0 memorised, 5 levels left

rFire  + . .     SeeInvis .     a - +0 war axe
rCold  . . .     Clarity  .     r - +1 chain mail {rF+}
rNeg   . . .     SustAt   .     c - +0 shield
rPois  .         Gourm    .     (helmet restricted)
rElec  .         Spirit   .     (no cloak)
rCorr  .         Warding  .     (no gloves)
rMut   .         Stasis   .     (no boots)
MR     .....                    (no amulet)
Stlth  ..........               (no ring)
                                (no ring)

@: not resistant to hostile enchantments, extremely unstealthy
A: retaliatory headbutt, horns 2
a: no special abilities


You were on level 4 of the Dungeon.
You were not hungry.

You visited 1 branch of the dungeon, and saw 4 of its levels.

You collected 192 gold pieces.

Inventory:

Hand weapons
 a - a +0 war axe (weapon)
Armour
 b - a +0 scale mail
 c - a +0 shield (worn)
 o - a +2 chain mail of cold resistance
 r - a +1 chain mail of fire resistance (worn)
Scrolls
 i - 8 scrolls of identify {unknown}
 j - a scroll of blinking {unknown}
 m - a scroll of enchant armour {unknown}
 n - a scroll of remove curse {unknown}
 s - a scroll of fog {unknown}
Potions
 d - a potion of might
 h - a potion of magic {unknown}
 k - 2 potions of curing {unknown}
 l - a potion of heal wounds {unknown}
 p - a potion of mutation {unknown}
Comestibles
 e - 3 bread rations
 f - 3 beef jerkies
 g - 3 meat rations
 q - 4 chunks of flesh
 t - 5 fruits


   Skills:
 - Level 3.6 Fighting
 + Level 7.9 Axes
 - Level 3.6 Armour
 - Level 3.6 Shields


You had 5 spell levels left.
You didn't know any spells.

Dungeon Overview and Level Annotations

Branches:
Dungeon (4/15)
 Temple: D:4-7

Altars:
Gozag

Annotations:
D:3 Robin; asdu's ghost, weakling DDMo


Innate Abilities, Weirdness & Mutations

You reflexively headbutt those who attack you in melee.
You have a pair of horns on your head.


Message History

You block the orc priest's attack.
The orc hits you with a hand axe of chopping.
You hit the orc priest.
The orc priest is moderately wounded.
You completely miss the orc.
The orc is almost dead.
You hit the ogre.
The ogre is moderately wounded.
The ogre barely misses you.
The orc priest invokes the aid of Beogh against you.
Pain shoots through your body! The orc barely misses you.
Your shield and chain mail prevent you from hitting the orc priest.
The orc priest is moderately wounded.
You closely miss the orc.
The orc is almost dead.
You slash the ogre!
The ogre is severely wounded.
The ogre hits you with a giant club!!
Ouch! That really hurt!
You die...

....... #.....#
#.....# #.....# ...
#.....#......
#.....# .....
#o)†..#.....o
+.@O..#......
#..o..'......
#.....#..) .#+####
#####'####'###.....#
#.......#....#.....#
.
+.......#....'.....#
..
#.......#....#.....+
..(
#.......#....#.....#
....
#.......#....#......


You could see an ogre, an orc priest and an orc.

Vanquished Creatures
  3 orc wizards
  3 orc priests
  An iguana (D:4)
  A worker ant (D:3)
  2 adders
  2 worms (D:2)
  2 giant geckos
  12 orcs
  3 bats
  3 giant cockroaches
  4 goblins
  5 hobgoblins
  A kobold (D:3)
  A quokka (D:2)
  5 giant newts
  A jackal skeleton (D:4)
  A quokka skeleton (D:4)
  7 rats
57 creatures vanquished.

Notes
Turn   | Place    | Note
--------------------------------------------------------------
     0 | D:1      | shakdrar the Minotaur Fighter began the quest for the Orb.
     0 | D:1      | Reached XP level 1. HP: 19/19 MP: 0/0
    90 | D:1      | Reached XP level 2. HP: 26/26 MP: 1/1
   726 | D:2      | Reached skill level 4 in Axes
   946 | D:2      | Reached XP level 3. HP: 31/31 MP: 2/2
  1170 | D:3      | Noticed asdu's ghost (weakling DDMo)
  1544 | D:3      | Found an opulent altar of Gozag.
  1556 | D:3      | Reached skill level 5 in Axes
  1556 | D:3      | Reached XP level 4. HP: 37/39 MP: 3/3
  1646 | D:3      | Reached skill level 6 in Axes
  1697 | D:3      | Noticed Robin
  1772 | D:3      | Reached XP level 5. HP: 35/45 MP: 4/4
  1888 | D:4      | Reached skill level 7 in Axes
  2030 | D:4      | Reached XP level 6. HP: 39/51 MP: 5/5
  2169 | D:4      | Noticed an ogre
  2172 | D:4      | Slain by an ogre

Vault maps used:
D:1:      dpeg_arrival_lava_altar
D:2:      first_bread
D:3:      nicolae_overflow_crystal_walls, nicolae_gozag_seed_capital, uniq_robin
D:4:      gup_sewer_entry_pipe

Action                   |  1- 3 |  4- 6 || total
-------------------------+-------+-------++-------
Melee: War axe           |    83 |    80 ||   163
  Eat: Chunk             |     2 |     2 ||     4
